 Dungeon Crawl Stone Soup version 0.17-a0-1202-g2dd280d (webtiles) character file.

65 Geomchi the Insei (level 4, -5/32 HPs)
             Began as a Merfolk Transmuter on June 3, 2015.
             Killed from afar by Natasha (7 damage)
             ... with a magic dart
             ... on level 2 of the Dungeon.
             The game lasted 00:03:03 (2011 turns).

Geomchi the Insei (Merfolk Transmuter)              Turns: 2011, Time: 00:03:03

Health: -5/32      AC:  2    Str: 10    XL:     4   Next: 14%
Magic:  4/7        EV: 21    Int: 12    God:
Gold:   92         SH:  0    Dex: 20    Spells: 2 memorised, 3 levels left

rFire  . . .     SeeInvis .       - Unarmed
rCold  . . .     Clarity  .     (armour currently unavailable)
rNeg   . . .     SustAt   .     (shield currently unavailable)
rPois  x         Gourm    .     (helmet currently unavailable)
rElec  .         Spirit   .     (cloak currently unavailable)
rCorr  .         Warding  .     (gloves currently unavailable)
rMut   .         Stasis   .     (boots currently unavailable)
MR     .....                    (no amulet)
Stlth  ++........               (no ring)
                                (no ring)

@: spider-form, not resistant to hostile enchantments, unstealthy
A: (change form in water), (swift swim)
a: End Transformation


You were on level 2 of the Dungeon.
You were not hungry.
You were a venomous arachnid creature.
You visited 1 branch of the dungeon, and saw 2 of its levels.

You collected 92 gold pieces.

Inventory:

Missiles
 a - 12 arrows
Armour
 b - a +0 robe (melded)
 j - a +0 cloak of poison resistance (melded)
Scrolls
 g - 2 scrolls of remove curse {unknown}
 h - 2 scrolls of identify {unknown}
 l - 3 scrolls of teleportation {unknown}
Potions
 e - a potion of haste {unknown}
 f - a potion of curing {unknown}
 i - a potion of agility {unknown}
 m - 3 potions of brilliance {unknown}
Books
 c - a book of Changes

   Spells                             Type                      Level
   a - Beastly Appendage              Transmutation                1
   b - Sticks to Snakes               Transmutation                2
   c - Spider Form                    Transmutation/Poison         3
   d - Ice Form                       Ice/Transmutation            4
   e - Blade Hands                    Transmutation                5
Comestibles
 d - 2 bread rations {@e1}
 k - a slice of pizza
 n - 2 chunks of flesh {@w0}


   Skills:
 - Level 1.1 Fighting
 - Level 2.6 Dodging
 + Level 4.7 Unarmed Combat
 - Level 2.0 Spellcasting
 - Level 4.0 Transmutations


You had 3 spell levels left.
You knew the following spells:

 Your Spells              Type           Power        Failure   Level  Hunger
a - Beastly Appendage     Trmt           ##....       17%         1    ##.....
b - Spider Form           Trmt/Pois      #.........   56%         3    ####...


Dungeon Overview and Level Annotations

Branches:
Dungeon (2/15)

Altars:

Annotations:
D:2 Natasha


Message History

You take 6 damage, and have 11/32 hp.
You hit Natasha.
Your transformation is almost over.
The crimson imp closely misses you. Natasha claws you!
* * * LOW HITPOINT WARNING * * *
You take 8 damage, and have 3/32 hp.
MASSIVE DAMAGE!!
You are too injured to fight recklessly!
You hit Natasha but do no damage. The crimson imp hits you.
* * * LOW HITPOINT WARNING * * *
Natasha misses you.
You take 1 damage, and have 2/32 hp.
MP restored: 7 Your horns disappear.
You turn into a venomous arachnid creature.
Your +0 cloak of poison resistance melds into your body.
Your +0 robe melds into your body.
You no longer feel resistant to poison.
The crimson imp closely misses you. Natasha casts a spell at you.
The magic dart hits you!
You die...

##+## .# ##.(.## .#
#.....## ### .#
.......## ##.## .#
........####(..##.######
........'.....>.........
........####...#..#.#.#
.......## ##..#5.#
#..÷..## ##)#s.# ##...##
#.#h.# ##'####### #.#.##
#.......# #.#..
#..####.# #.... ###..##
#†# ###.## ......# #.#
#[# #.....###.######.#
##...............


You could see Natasha and a crimson imp.

Vanquished Creatures
  An adder (D:2)
  An ooze (D:1)
  A worm (D:1)
  A giant gecko (D:1)
  A ball python (D:2)
  4 giant cockroaches
  5 goblins (D:1)
  6 hobgoblins
  4 jackals (D:2)
  7 kobolds
  A quokka (D:2)
  9 bats
  2 giant newts (D:2)
  4 rats
47 creatures vanquished.

Notes
Turn   | Place    | Note
--------------------------------------------------------------
     0 | D:1      | Geomchi the Merfolk Transmuter began the quest for the Orb.
     0 | D:1      | Reached XP level 1. HP: 15/15 MP: 3/3
    96 | D:1      | Reached XP level 2. HP: 19/21 MP: 3/5
   138 | D:1      | Reached skill level 4 in Unarmed Combat
  1270 | D:1      | Reached XP level 3. HP: 23/26 MP: 4/6
  1500 | D:2      | Learned a level 3 spell: Spider Form
  1813 | D:2      | Reached XP level 4. HP: 32/32 MP: 5/7
  1999 | D:2      | Noticed Natasha
  2011 | D:2      | Killed from afar by Natasha

Vault maps used:
D:1:      elethiomel_arrival_shortcut, minivault_14
D:2:      first_bread, uniq_natasha

Action                   |  1- 3 |  4- 6 || total
-------------------------+-------+-------++-------
Melee: Unarmed           |   124 |    23 ||   147
 Cast: Beastly Appendage |    20 |     7 ||    27
       Spider Form       |       |     1 ||     1
 Stab: Sleeping          |       |     3 ||     3
  Eat: Chunk             |     3 |     1 ||     4
